 Dungeon Crawl Stone Soup version 0.30-a0-711-gf4ac18a38d (webtiles) character file.

Game seed: 14440244562961705745

427 demibob the Poker (level 6, -2/47 HPs)
             Began as a Demonspawn Chaos Knight on Jan 22, 2023.
             Was a Plaything of Xom.
             Slain by Ijyb
             ... wielding a +4 club
              (5 damage)
             ... on level 4 of the Dungeon.
             The game lasted 00:05:05 (2502 turns).

demibob the Poker (Demonspawn Chaos Knight)         Turns: 2502, Time: 00:05:05

Health: -2/47      AC:  6    Str: 15    XL:     6   Next: 65%
Magic:  6/6        EV: 13    Int: 13    God:    Xom [.*....]
Gold:   135        SH:  0    Dex: 12    Spells: 5/5 levels left

rFire   . . .      SeeInvis .    a - +1 spear (chaos)
rCold   . . .      Faith    .    (no shield)
rNeg    . . .      Spirit   .    b - +2 leather armour
rPois   .          Reflect  .    (helmet restricted)
rElec   .          Harm     .    (no cloak)
rCorr   .          Rampage  .    f - +0 pair of gloves
Will    .....                    (no boots)
Stlth   +                        (no amulet)
HPRegen 0.27/turn                L - ring of flight
MPRegen 0.10/turn                (no ring)

@: weak-willed, flying
A: antennae 2, repulsion field 1, spiny 1
a: Renounce Religion


You were on level 4 of the Dungeon.
You worshipped Xom.
You were a plaything of Xom.
You visited 1 branch of the dungeon, and saw 4 of its levels.

You collected 135 gold pieces.


Innate Abilities, Weirdness & Mutations

You have a pair of antennae on your head.
You are surrounded by a mild repulsion field. (EV +2)
You are partially covered in sharp spines.


   Skills:
 - Level 3.0 Fighting
 * Level 6.1 Polearms
 + Level 3.6 Armour
 - Level 0.8 Dodging


You had 5 spell levels left.
You didn't know any spells.
Your spell library contained the following spells:

 Spells                   Type           Power      Damage    Failure   Level
 Necrotise                Necr           0%         1d4       36%         1
 Vampiric Draining        Necr           0%         2d6       75%         3
 Agony                    Necr           0%         N/A       100%        5

Inventory:

Hand Weapons
 a - a +1 spear of chaos (weapon)
Missiles
 e - 5 poisoned darts (quivered)
Armour
 b - a +2 leather armour (worn)
 f - a +0 pair of gloves (worn)
Jewellery
 L - a ring of flight (left hand)
Scrolls
 g - a scroll of blinking {unknown}
 h - a scroll of fog {unknown}
 i - 2 scrolls of identify {@r1}
 j - 2 scrolls of enchant weapon
Potions
 k - 2 potions of mutation
Miscellaneous
 c - a piece from Xom's chessboard (15/15)

Dungeon Overview and Level Annotations

Branches:
Dungeon (4/15)
 Temple: D:4-7

Altars:

Shops:
D:1 [

Annotations:
D:4 Ijyb

.. #.# #.# #.# .
#.# .. #.# .## #[#
. ... #.# #..##.#
########.#
.......###.g@.....#
#......(...########
.......#####
.#####. #. #. #@ #.
#.


You could see Ijyb (agile, weak-willed).


Message History

You barely miss something. Something hits you but does no damage.
You closely miss something. Something hits you.
You hit something but do no damage. Something hits you.
* * * LOW HITPOINT WARNING * * *
You closely miss something.
Ijyb zaps a wand.
The puff of flame hits something!
Reactivating autopickup.
You feel a bit more experienced.
Your Polearms skill increases to level 6!
Ijyb looks more healthy.
Ijyb zaps a wand.
The puff of flame hits you!
* * * LOW HITPOINT WARNING * * *
Things that are here:
a +0 scythe; a +0 robe You closely miss Ijyb.
Your punch misses Ijyb.
Ijyb is moderately wounded.
Ijyb zaps a wand.
The puff of flame hits you!
* * * LOW HITPOINT WARNING * * *
Okay, then.
Unknown command.
You hit Ijyb but do no damage.
Ijyb is moderately wounded.
Ijyb is struck by your spines. Ijyb barely misses you.
You hit Ijyb but do no damage.
Ijyb suddenly seems more agile.
Ijyb is moderately wounded.
As you read the scroll labelled AKKAQUQ SYCW, it crumbles to dust.
Magic quickly surges around you.
It was a scroll of vulnerability.
Ijyb hits you but does no damage.
You hit Ijyb but do no damage.
Ijyb is moderately wounded.
Ijyb hits you with a +4 club.
You die...

Skill      XL: |  1  2  3  4  5  6 |
---------------+-------------------+-----
Polearms       | 3 4 5 6 |  6.1
Armour         | 2 3 |  3.6
Fighting       | |  3.0
Dodging        | |  0.8

Action                     |  1- 3 |  4- 6 || total
---------------------------+-------+-------++-------
  Melee: Spear             |    88 |   176 ||   264
         Punch             |       |     1 ||     1
  Throw: Dart              |       |     2 ||     2
    Use: Scroll            |       |     8 ||     8
         Potion            |       |     3 ||     3
   Stab: Sleeping          |     3 |     1 ||     4
         Paralysed         |       |     1 ||     1
 Armour: Leather armour    |    15 |    44 ||    59
  Dodge: Dodged            |    26 |    52 ||    78

Levels and vault maps discovered:
D:1:      shiori_arrival_maze, layout_loops_cross, serial_shops, shop
D:2:      layout_loops_cross, st_stairs_14, grunt_ministairs_10
D:3:      layout_loops_ring
D:4:      layout_loops_ring, grunt_temple_overflow_open,
          overflow_temple_1_default, temple_green, uniq_sigmund, uniq_ijyb,
          uniq_edmund

Notes
Turn   | Place    | Note
-------+----------+-------------------------------------------
     0 | D:1      | demibob the Demonspawn Chaos Knight began the quest for the
                  | Orb.
     0 | D:1      | Reached XP level 1. HP: 18/18 MP: 1/1
    67 | D:1      | Reached skill level 3 in Polearms
   114 | D:1      | Found Zolag's Antique Armour Boutique.
   196 | D:1      | Gained mutation: You are partially covered in sharp spines.
                  | [demonic ancestry]
   196 | D:1      | Reached XP level 2. HP: 19/24 MP: 2/2
   338 | D:1      | XOM: silly message
   385 | D:1      | XOM: divination: detect creatures
   424 | D:1      | Gained mutation: You are surrounded by a mild repulsion
                  | field. (EV +2) [demonic ancestry]
   424 | D:1      | Reached XP level 3. HP: 29/29 MP: 3/3
   631 | D:2      | Reached skill level 4 in Polearms
   706 | D:2      | Reached skill level 2 in Armour
   828 | D:2      | XOM: silly message
   905 | D:2      | XOM: silly message
  1000 | D:2      | Gained mutation: You have a pair of small antennae on your
                  | head. [demonic ancestry]
  1000 | D:2      | Reached XP level 4. HP: 35/35 MP: 4/4
  1043 | D:2      | XOM: 1-stop teleportation journey
  1589 | D:3      | Reached XP level 5. HP: 8/41 MP: 5/5
  1829 | D:3      | Reached skill level 5 in Polearms
  2232 | D:4      | Reached skill level 3 in Armour
  2332 | D:4      | XOM: snakes to sticks
  2346 | D:4      | Gained mutation: You have a pair of antennae on your head.
                  | [demonic ancestry]
  2346 | D:4      | Reached XP level 6. HP: 36/47 MP: 6/6
  2387 | D:4      | XOM: noise
  2479 | D:4      | Noticed Sigmund
  2479 | D:4      | Noticed Ijyb
  2496 | D:4      | Killed Sigmund
  2497 | D:4      | Reached skill level 6 in Polearms
  2498 | D:4      | HP: 2/47 [Ijyb/puff of flame (11)]
  2502 | D:4      | Slain by Ijyb

Vanquished Creatures
  A hound (D:4)
  An orc priest (D:3)
  2 orc wizards
  5 gnolls
  5 adders
  3 worms (D:2)
  4 dart slugs
  14 orcs
  6 ball pythons
  9 endoplasms
  6 giant cockroaches
  8 goblins
  5 hobgoblins
  4 quokkas
  3 bats
  2 frilled lizards
  6 kobolds
  5 rats
89 creatures vanquished.

Vanquished Creatures (others)
  Sigmund (D:4)
1 creature vanquished.

Grand Total: 90 creatures vanquished

Table legend: (Time is in decaauts)
 A = Elapsed time spent in this place.
 B = Non-inter-level travel time spent in this place.
 C = Inter-level travel time spent in this place.
 D = Time resting spent in this place.
 E = Time spent auto-exploring this place.
 F = Levels seen in this place.
 G = Mean time per level.
                   A        B        C        D        E       F      G
               +--------+--------+--------+--------+--------+-----+--------+
         Total |   2467 |   2410 |     57 |    145 |   1724 |   4 |  616.8 |
       Dungeon |   2467 |   2410 |     57 |    145 |   1724 |   4 |  616.8 |
               +--------+--------+--------+--------+--------+-----+--------+

Top non-repeatable levels by time:
     D:3: 790 daAuts
     D:2: 773 daAuts
     D:1: 577 daAuts
     D:4: 325 daAuts

Table legend:
 A = Non-vault XP
 B = Vault XP
 C = Vault XP percentage of total XP
 D = Non-vault monster count
 E = Vault monster count
 F = Vault count percentage of total count
                 A         B        C        D         E       F
            +---------+---------+-------+---------+---------+-------
      Total |     437 |     173 |  28.4 |      85 |       6 |   6.6
            +---------+---------+-------+---------+---------+-------
        D:1 |      42 |       3 |   6.7 |      17 |       2 |  10.5
        D:2 |      71 |       5 |   6.6 |      20 |       3 |  13.0
        D:3 |     158 |       0 |   0.0 |      30 |       0 |   0.0
        D:4 |     166 |     165 |  49.8 |      18 |       1 |   5.3
            +---------+---------+-------+---------+---------+-------
